 Dungeon Crawl Stone Soup version 0.20.1-1-g8b1a95d (webtiles) character file.

4930 ReteAZ the Grappler (level 10, 0/100 HPs)
             Began as a Troll Chaos Knight on Aug 23, 2017.
             Slain by a death yak (21 damage)
             ... on level 8 of the Dungeon.
             The game lasted 00:12:09 (5763 turns).

ReteAZ the Grappler (Troll Chaos Knight)            Turns: 5763, Time: 00:12:10

Health: 0/100      AC:  8    Str: 22    XL:     10   Next: 27%
Magic:  9/9        EV: 10    Int: 12    God:    Xom [*.....]
Gold:   415        SH:  0    Dex: 10    Spells: 9/9 levels left

rFire    + + .     SeeInvis .     - Unarmed
rCold    x . .     Gourm    +   (no shield)
rNeg     . . .     Faith    .   v - +1 robe {rF+}
rPois    .         Spirit   .   (helmet restricted)
rElec    .         Reflect  .   (no cloak)
rCorr    .         Harm     .   (gloves unavailable)
MR       .....                  (boots unavailable)
Stlth    +.........             A - amulet of magic regeneration
Regen    0.7/turn               z - ring of fire
MPRegen  0.2/turn               (no ring)

@: no status effects
A: unfitting armour, claws 3, horns 1, icy blue scales 1, clever 1, fast
metabolism 3, gourmand, regeneration 1, shaggy fur 1, tough skin 2
a: Renounce Religion


You were on level 8 of the Dungeon.
You worshipped Xom.
You were a special plaything of Xom.
You were full.

You visited 1 branch of the dungeon, and saw 8 of its levels.
You also visited: Sewer.

You collected 415 gold pieces.

Inventory:

Missiles
 o - 97 stones
 r - 3 steel javelins (quivered)
Armour
 v - a +1 robe of fire resistance (worn)
Jewellery
 z - a ring of fire (left claw)
 A - an amulet of magic regeneration (around neck)
Wands
 a - a wand of confusion (5/48)
 g - a wand of polymorph (2/24)
 j - a wand of acid (8/15)
 k - a wand of iceblast (5/15)
 l - a wand of iceblast (9/15)
 q - a wand of digging (17/24)
 D - a wand of disintegration (15/24)
Scrolls
 c - 3 scrolls of teleportation
 e - 2 scrolls of blinking
 f - 4 scrolls of remove curse
 i - 10 scrolls of identify
 m - 2 scrolls of fog
 t - a scroll of magic mapping
Potions
 d - 6 potions of flight
 h - a potion of cancellation
 n - 2 potions of brilliance
 u - a potion of might
 w - 3 potions of heal wounds
 C - a potion of curing {unknown}
Comestibles
 b - 12 bread rations
 B - 3 meat rations


   Skills:
 + Level 6.7 Fighting
 + Level 6.2 Armour
 - Level 2.0 Dodging
 * Level 11.1 Unarmed Combat


You had 9 spell levels left.
You didn't know any spells.

Dungeon Overview and Level Annotations

Branches:
Dungeon (8/15)             Temple (0/1) D:4            Lair (0/6) D:8

Altars:
Cheibriados
Dithmenos
Nemelex Xobeh
Trog
Uskayaw
Vehumet
Xom
Yredelemnul


Innate Abilities, Weirdness & Mutations

You are too large for most types of armour.
You have claws for hands.
Your metabolism is lightning-fast.
You like to eat raw meat.
Your natural rate of healing is unusually fast.
You are covered in fur. (AC +1)
You have very tough skin. (AC +2)
You have a pair of small horns on your head.
You are partially covered in icy blue scales. (AC +2)
Your mind is acute. (Int +2)


Message History

You headbutt the death yak.
The death yak is moderately wounded.
You scratch the death yak. You claw the death yak!
The death yak is heavily wounded.
The porcupine stops glowing.
The quokka stops glowing.
The death yak gores you.
You scratch the death yak.
You headbutt the death yak, but do no damage.
The death yak is heavily wounded.
The death yak gores you!
* * * LOW HITPOINT WARNING * * *
A porcupine comes into view.
You scratch the death yak.
The death yak is heavily wounded. "Serve the mortal, my children!"
The death yak barely misses you.
You claw the death yak! You headbutt the death yak.
The death yak is severely wounded.
The death yak gores you!!
You die... "What!?
That's it?"

*,.%..)>....# *#......, ##
**,#...Y.....## #........
.###*,,#....r.....# ####........
.....,,#....#r....####...........
.....,,#.$r..........<.##........
..#...*#.........#..#.!.[........
.....###........##.##............
...#..#######r####5##..##........
............#rrY@45...###...<....
...........>..####5..## #........
####.#.#.###..##...##.# #........
# #..#...........#.#..###........
###....#...##.#.........#........
....##.#......#.)................
....##.#...##.)..#.##.##..#######
....##.........)##.##.##.##
....##..........##.##.#..#


You could see a death yak, 2 porcupines, a quokka, a friendly orange demon, a
friendly quasit, a friendly crimson imp and a friendly shadow imp.

Vanquished Creatures
  A two-headed ogre (D:8)
  Pikel (D:5)
  The ghost of letownia the Insei, a novice OpTm (D:4)
  A hippogriff (D:8)
  Sigmund (D:5)
  A hungry ghost (D:7)
  A spriggan (D:7)
  A water moccasin (D:8)
  2 ice beasts
  A slave (D:5)
  An orc warrior (D:6)
  A black bear (D:6)
  3 ogres
  4 phantoms
  4 centaurs
  2 big kobolds
  4 bullfrogs
  A wyvern skeleton (D:8)
  A scorpion (D:8)
  2 crimson imps (D:5)
  2 hounds
  2 jellies
  3 bullfrog skeletons
  2 orc priests
  7 orc wizards
  Ijyb (D:5)
  2 worker ants (D:5)
  5 iguanas
  A statue (D:7)
  A killer bee zombie (D:6)
  A hound skeleton (D:6)
  3 worker ant zombies
  8 adders
  3 gnolls (D:2)
  2 river rats (Sewer)
  A shadow imp (D:8)
  3 oozes
  An adder skeleton (D:4)
  A worm (D:4)
  A dart slug (D:1)
  2 leopard geckos
  26 orcs
  2 ball pythons
  6 bats
  8 giant cockroaches
  3 goblins
  3 hobgoblins
  16 jackals
  20 kobolds
  4 quokkas
  4 frilled lizards
  A jackal zombie (D:6)
  A leopard gecko zombie (D:6)
  8 rats
188 creatures vanquished.

Vanquished Creatures (collateral kills)
  A slave (D:5)
1 creature vanquished.

Vanquished Creatures (others)
  An adder (D:5)
1 creature vanquished.

Grand Total: 190 creatures vanquished

Notes
Turn   | Place    | Note
-------+----------+-------------------------------------------
     0 | D:1      | ReteAZ the Troll Chaos Knight began the quest for the Orb.
     0 | D:1      | Reached XP level 1. HP: 22/22 MP: 0/0
   244 | D:1      | XOM: divination: detect creatures
   354 | D:1      | Reached XP level 2. HP: 29/29 MP: 1/1
   441 | D:1      | You fall through a shaft!
   580 | D:1      | Reached skill level 1 in Armour
   629 | D:1      | XOM: summons 1 hostile demon
   647 | D:2      | Reached XP level 3. HP: 36/36 MP: 2/2
   810 | D:2      | Reached skill level 4 in Unarmed Combat
   973 | D:2      | Reached XP level 4. HP: 44/44 MP: 3/3
  1033 | D:2      | XOM: scenery: create altars
  1193 | D:3      | XOM: fog
  1335 | D:3      | Noticed a centaur
  1335 | D:3      | Noticed an ogre
  1342 | D:3      | Killed a centaur
  1342 | D:3      | Reached XP level 5. HP: 19/53 MP: 4/4
  1346 | D:3      | Killed an ogre
  1346 | D:3      | Reached skill level 5 in Unarmed Combat
  1346 | D:3      | Reached XP level 6. HP: 4/61 MP: 5/5
  1545 | D:3      | XOM: scenery: 1 doors open, 1 doors close
  1988 | D:3      | XOM: scenery: 1 doors close
  2009 | D:3      | XOM is BORED!
  2009 | D:3      | XOM: stat loss: -3 Dex (7/10)
  2020 | D:4      | XOM: noise
  2021 | D:4      | XOM: mild Air miscast
  2074 | D:4      | Reached skill level 6 in Unarmed Combat
  2159 | D:4      | Noticed letownia's ghost (novice OpTm)
  2169 | D:4      | Killed letownia's ghost
  2169 | D:4      | Reached XP level 7. HP: 54/70 MP: 6/6
  2212 | D:4      | XOM: give mutations
  2212 | D:4      | Gained mutation: Your muscles are strong. (Str +2) [Xom's grace]
  2212 | D:4      | Gained mutation: You are robust. (+10% HP) [Xom's grace]
  2212 | D:4      | Gained mutation: You are agile. (Dex +2) [Xom's grace]
  2212 | D:4      | Gained mutation: You possess an exceptional clarity of mind. [Xom's grace]
  2304 | D:4      | Found a glowing drain.
  2332 | Sewer    | Entered a sewer
  2407 | Sewer    | XOM: summons friendly ufetubus
  2411 | Sewer    | Reached skill level 7 in Unarmed Combat
  2439 | Sewer    | Found a glowing silver altar of Zin.
  2592 | D:4      | Reached XP level 8. HP: 86/86 MP: 7/7
  2665 | D:4      | Found a staircase to the Ecumenical Temple.
  2855 | D:5      | Entered Level 5 of the Dungeon
  2976 | D:5      | XOM is BORED!
  2976 | D:5      | XOM: 2-stop teleportation journey
  3054 | D:5      | Noticed Sigmund
  3075 | D:5      | Killed Sigmund
  3095 | D:5      | Lost mutation: Your muscles are strong. (Str +2) [potion of mutation]
  3095 | D:5      | Lost mutation: You are agile. (Dex +2) [potion of mutation]
  3095 | D:5      | Lost mutation: You possess an exceptional clarity of mind. [potion of mutation]
  3095 | D:5      | Lost mutation: You are robust. (+10% HP) [potion of mutation]
  3095 | D:5      | Gained mutation: You have a pair of small horns on your head. [potion of mutation]
  3095 | D:5      | Gained mutation: Your mind is acute. (Int +2) [potion of mutation]
  3095 | D:5      | Gained mutation: You are partially covered in icy blue scales. (AC +2) [potion of mutation]
  3231 | D:5      | XOM: cleaving
  3234 | D:5      | Reached skill level 5 in Fighting
  3234 | D:5      | Reached skill level 8 in Unarmed Combat
  3305 | D:5      | Noticed Ijyb
  3308 | D:5      | Killed Ijyb
  3415 | D:5      | XOM: potion effect (might)
  3483 | D:5      | XOM: cast spell 'Summon Butterflies'
  3574 | D:5      | Found a hide-covered altar of Uskayaw.
  3652 | D:5      | XOM: summons 4 friendly demons
  3653 | D:5      | Noticed Pikel
  3653 | D:5      | XOM: cast spell 'Summon Hydra'
  3668 | D:5      | XOM: scenery: create altars
  3672 | D:5      | XOM: polymorph iron imp -> quasit
  3674 | D:5      | Killed Pikel
  3674 | D:5      | Reached skill level 9 in Unarmed Combat
  3674 | D:5      | Reached XP level 9. HP: 38/88 MP: 8/8
  3972 | D:6      | Reached skill level 5 in Armour
  4389 | D:7      | XOM: stealth player
  4403 | D:7      | Found a shimmering altar of Xom.
  4405 | D:7      | Found a basalt altar of Yredelemnul.
  4406 | D:7      | Found a bloodstained altar of Trog.
  4451 | D:7      | XOM: divination: detect creatures
  4488 | D:7      | XOM: silly message
  4574 | D:7      | Reached skill level 10 in Unarmed Combat
  4698 | D:7      | XOM: god gift: glowing battleaxe {god gift}
  4924 | D:7      | XOM: scenery: create altars
  5059 | D:7      | XOM: god gift: wand of digging (?/24) {god gift}
  5117 | D:7      | Found a radiant altar of Vehumet.
  5290 | D:7      | XOM: smoke on damage
  5398 | D:7      | XOM: harmless Ice miscast
  5521 | D:8      | Reached XP level 10. HP: 100/100 MP: 9/9
  5521 | D:8      | XOM: summons friendly shadow imp
  5559 | D:8      | Found a shadowy altar of Dithmenos.
  5584 | D:8      | XOM: mild Conj miscast
  5595 | D:8      | XOM: harmless Tmut miscast
  5600 | D:8      | Found a sparkling altar of Nemelex Xobeh.
  5637 | D:8      | Noticed a two-headed ogre
  5651 | D:8      | Killed a two-headed ogre
  5651 | D:8      | Reached skill level 11 in Unarmed Combat
  5714 | D:8      | Found a snail-covered altar of Cheibriados.
  5745 | D:8      | Noticed a death yak
  5745 | D:8      | XOM: summons friendly quasit
  5746 | D:8      | Noticed a death yak
  5747 | D:8      | XOM: summons 2 friendly demons
  5748 | D:8      | Found a staircase to the Lair.
  5748 | D:8      | XOM: blink monster(s)
  5749 | D:8      | XOM: fake destruction
  5750 | D:8      | Noticed a death yak
  5762 | D:8      | XOM: summons 4 friendly demons
  5763 | D:8      | Slain by a death yak

Skill      XL: |  1  2  3  4  5  6  7  8  9 10 |
---------------+-------------------------------+-----
Dodging        | 2 |  2.0
Armour         | 1 2 3 4 5 6 |  6.2
Unarmed Combat | 4 5 6 7 9 10 11 | 11.1
Fighting       | 3 4 5 6 |  6.7

Action                   |  1- 3 |  4- 6 |  7- 9 | 10-12 || total
-------------------------+-------+-------+-------+-------++-------
Melee: Unarmed           |    86 |   167 |   312 |    33 ||   598
       Punch             |       |     6 |     9 |     6 ||    21
       Headbutt          |       |       |    28 |    11 ||    39
  Use: Potion            |       |       |     9 |       ||     9
       Scroll            |       |       |    12 |       ||    12
  Eat: Chunk             |    11 |    12 |    34 |     1 ||    58
       Fruit             |       |       |     3 |       ||     3
Armor: Robe              |    37 |    79 |   102 |     4 ||   222
Dodge: Dodged            |    35 |   107 |   105 |    16 ||   263
